 Dungeon Crawl Stone Soup version 0.32-a0-391-gce5c0aab1b (webtiles) character file.

Game seed: 3681019600283795222

9 CougarLife the Firebug (level 2, -3/20 HPs)
             Began as a Mountain Dwarf Fire Elementalist on Feb 20, 2024.
             Slain by a quokka (5 damage)
             ... on level 1 of the Dungeon.
             The game lasted 00:00:46 (152 turns).

CougarLife the Firebug (MDFE)                        Turns: 152, Time: 00:00:47

Health: -3/20      AC:  2    Str: 10    XL:     2   Next: 3%
Magic:  0/5        EV: 11    Int: 15    God:
Gold:   12         SH:  0    Dex: 10    Spells: 4/5 levels left

rFire   . . .        (no weapon)
rCold   . . .        (no shield)
rNeg    . . .        a - +0 robe
rPois   .            (no helmet)
rElec   .            (no cloak)
rCorr   .            (no gloves)
SInv    .            (no boots)
Will    .....        (no amulet)
Stlth   ++           (no ring)
HPRegen 0.23/turn    (no ring)
MPRegen 0.09/turn

%: no passive effects
@: no status effects
A: runic magic, artefact enchanting
a: no special abilities


You were on level 1 of the Dungeon.
You visited 1 branch of the dungeon, and saw 1 of its levels.

You collected 12 gold pieces.

Inventory:

Armour
 a - a +0 robe (worn)
 d - a +1 leather armour of poison resistance
Scrolls
 c - a scroll of vulnerability {unknown}
Potions
 b - a potion of magic


   Skills:
 - Level 1.3 Dodging
 - Level 1.4 Stealth
 + Level 2.0 Spellcasting
 + Level 1.2 Conjurations
 + Level 3.9 Fire Magic


You had 4 spell levels left.
You knew the following spells:

 Your Spells              Type           Power      Damage    Failure   Level
a - Foxfire               Conj/Fire      36%        2x1d5     8%          1

Your spell library contained the following spells:

 Spells                   Type           Power      Damage    Failure   Level
 Scorch                   Fire           26%        2d6       7%          2
 Inner Flame              Hex/Fire       7%         N/A       30%         3
 Volatile Blastmotes      Fire/Tloc      14%        2d11      30%         3
 Flame Wave               Conj/Fire      9%         2d6       58%         4


Dungeon Overview and Level Annotations

Branches:
Dungeon (1/15)

Altars:


Innate Abilities, Weirdness & Mutations

Your spellcasting is much less encumbered by armour.
You can use scrolls of enchantment on lesser artefacts.


Message History

You see here a +1 leather armour of poison resistance.
d - a +1 leather armour of poison resistance A kobold comes into view.
It is wielding a +0 short sword.
The kobold shouts!
You conjure some foxfire!
A quokka comes into view.
Your foxfire dissipates!
A kobold comes into view. It is wielding a +0 dagger.
The dart slug launches a dart at you. The slug dart hits you.
The foxfire hits the kobold but does no damage.
The dart slug launches a dart at you. The slug dart hits you.
You conjure some foxfire!
The kobold barely misses you. The quokka bites you.
You are too injured to fight recklessly!
Unknown command.
The foxfire hits the kobold.
The kobold is severely wounded.
The foxfire hits the kobold.
You kill the kobold!
You have reached level 2!
The quokka barely misses you.
You barely miss the quokka. The kobold misses you. The quokka misses you.
You barely miss the quokka. The kobold completely misses you.
The quokka barely misses you.
Casting: Foxfire (safe; 8% risk of failure)
Confirm with . or Enter, or press ? or * to list all spells.
You conjure some foxfire!
The quokka barely misses you. The quokka misses you.
Your foxfire dissipates!
The quokka attacks as it pursues you! The quokka bites you.
Casting: Foxfire (safe; 8% risk of failure)
Confirm with . or Enter, or press ? or * to list all spells.
You conjure some foxfire!
The quokka bites you.
Your foxfire dissipates!
The foxfire hits the quokka.
The quokka is moderately wounded.
The quokka bites you.
* * * LOW HITPOINT WARNING * * *
The quokka attacks as it pursues you! The quokka bites you.
You die...

#.# #.##.♣..P...PP
#.###.##.♣PP.<.P..
#...#.##.♣P...PP..
........#
#...#.##.♣...P..PP
........#
#.#...##.♣..PP..PP
........#
#.#.......♣♣♣♣♣♣♣♣
........#
#.#...#..........
........#
#.#####..........
........# #@#
#########..
......).####r#
.........Kw..#
........######
####.#### #


You could see a quokka.

Vanquished Creatures
  A dart slug (D:1)
  A kobold (D:1)
  A quokka (D:1)
  A rat (D:1)
4 creatures vanquished.

Vanquished Creatures (others)
  13 foxfires (D:1)
13 creatures vanquished.

Grand Total: 17 creatures vanquished

Notes
Turn   | Place    | Note
-------+----------+-------------------------------------------
     0 | D:1      | CougarLife the Mountain Dwarf Fire Elementalist began the
                  | quest for the Orb.
     0 | D:1      | Reached XP level 1. HP: 14/14 MP: 3/3
    30 | D:1      | Reached skill level 1 in Conjurations
   142 | D:1      | Reached XP level 2. HP: 10/20 MP: 1/5
   152 | D:1      | Slain by a quokka

Illustrated notes

Levels and vault maps discovered:
D:1:      scummos_arrival_checkerplants, layout_basic,
          shapermc_ecumenical_altar_petra

Skill      XL: |  1 |
---------------+----+-----
Conjurations   | 1 |  1.2
Spellcasting   | 2 |  2.0
Dodging        | |  1.3
Stealth        | |  1.4
Fire Magic     | |  3.9

Action                     || total
---------------------------++-------
  Melee: Unarmed           ||     6
         Punch             ||     1
   Cast: Foxfire           ||    10
 Armour: Robe              ||    11
  Dodge: Dodged            ||    14

Table legend: (Time is in decaauts)
 A = Elapsed time spent in this place.
 B = Non-inter-level travel time spent in this place.
 C = Inter-level travel time spent in this place.
 D = Time resting spent in this place.
 E = Time spent auto-exploring this place.
 F = Levels seen in this place.
 G = Mean time per level.
                   A        B        C        D        E       F      G
               +--------+--------+--------+--------+--------+-----+--------+
         Total |    152 |    152 |      0 |     55 |     40 |   1 |  152.0 |
       Dungeon |    152 |    152 |      0 |     55 |     40 |   1 |  152.0 |
               +--------+--------+--------+--------+--------+-----+--------+

Top non-repeatable levels by time:
     D:1: 152 daAuts
